Bob, chaotic male orcish Rogue ------ |.ao.| ####.faa.| `#######|....| ------------ ### ##+.<.a| |`.........`a# |....| |.....`..... #--.--- ----- | -----. #################|...| | ) #-...| # |...| ### ##....| # # ----- -|--- ### |...| # |....##### |...| |...| ----- Bob the Cutpurse Experience level: 3 Strength: 18 Dexterity: 17 Constitution: 14 Intelligence: 11 Wisdom: 10 Charisma: 9 Health: 0(25) Energy: 8(8) Def: 3 Gold: 466 Moves: 1356 Dungeon seed: brrAHU43dvaL0k0T Game ID: Bob_1529208708 Your Inventory: Coins $ - 466 gold pieces Weapons a - a +0 orcish short sword (weapon in hand) b - 8 +0 orcish daggers (in quiver) Armor e - an uncursed +1 leather armor (being worn) Comestibles g - 3 uncursed food rations h - an uncursed candy bar q - an uncursed cream pie t - an uncursed egg z - 2 uncursed fortune cookies Scrolls i - an uncursed scroll of stinking cloud k - an uncursed scroll of light s - an uncursed scroll of scare monster x - an uncursed scroll of enchant armor Potions c - 2 uncursed potions of sickness j - an uncursed potion of confusion m - a cursed potion of speed p - an uncursed potion of water u - an uncursed potion of paralysis A - 2 uncursed potions of object detection Tools l - an uncursed skeleton key n - an uncursed lock pick F - an uncursed sack Gems r - an uncursed worthless piece of black glass y - an uncursed worthless piece of white glass Spells and supernatural/magical abilities: Name Level Category Fail Memory W - pray for help -- divine ? -- Your skills at the end: Fighting Skills Weapon Skills dagger [Basic] short sword [Basic] Spellcasting Skills Final Attributes: You were piously aligned. You were poison resistant. You had infravision. You were stealthy. You are dead. Vanquished creatures: a pony a giant ant a kobold lord 3 orc zombies an iguana a killer bee a yellow mold 5 garter snakes 6 jackals a fox a kobold 5 grid bugs 3 newts 30 creatures vanquished. Voluntary challenges: You were an atheist. You used a wielded weapon 12 times, starting on turn 40. You read items or engraved 1 time, starting on turn 938. You never genocided any monsters. You never polymorphed an object. You never changed form. You used no wishes. You never split a pudding. You never wrote Elbereth's name. You never violated your personal moral code. Dungeon overview: The Dungeons of Doom: levels 1 to 7 Level 1 a long staircase Level 2 Level 3 a fountain Level 4 Level 5 Level 6 some fountains Level 7 <- You were here History has recorded: On T:1 you entered the Dungeons of Doom to retrieve the Amulet of Yendor! On T:440 you reached level 2 of The Dungeons of Doom. On T:594 you reached level 3 of The Dungeons of Doom. On T:715 you reached level 4 of The Dungeons of Doom. On T:867 you reached level 5 of The Dungeons of Doom. On T:972 you reached level 6 of The Dungeons of Doom. On T:1098 you advanced to experience level 2. On T:1151 you reached level 7 of The Dungeons of Doom. On T:1245 you advanced to experience level 3. Score breakdown: Gold: 466 ( 9080 points) Experience: 3 levels ( 7878 points) Exploration: 7 levels ( 15.56%) (11078 points) Discoveries: 0 items ( 0.00%) ( 0 points) Valuables value: (no points given unless you survive) Artifact value: 0 ( 0 points) Variety of kills: 13 monsters ( 3.41%) ( 5541 points) Turncount: 1356 turns ( 0 points) Survival: died (score multiplied by 80%) Total score: 26861 Latest messages: The door opens. The killer bee stings! (3x) The kitten misses the killer bee. (2x) The killer bee stings! (3x) You throw 2 orcish daggers. The 1st orcish dagger hits the killer bee. The 2nd orcish dagger hits the killer bee. You kill the killer bee! The orcish dagger misses the killer bee. The killer bee stings! The killer bee's sting was poisoned, but doesn't affect you. The killer bee stings! You hear some noises. The killer bee stings! (3x) The kitten picks up 3 +0 orcish daggers. The killer bee stings! The killer bee's sting was poisoned, but doesn't affect you. You die... The sack is empty. The sack is empty. Final status: Goodbye Bob the Rogue, killed by a killer bee... You died in The Dungeons of Doom on dungeon level 7 with 26861 points, and 466 pieces of gold, after 1356 moves. You were level 3 with a maximum of 25 hit points when you died.